 Dungeon Crawl Stone Soup version 0.32-a0-391-gce5c0aab1b (webtiles) character file.

Game seed: 9130510028859139767

12651 senseless the Fighter (level 11, -8/84 (90) HPs)
             Began as a Coglin Hunter on Feb 19, 2024.
             Was a High Priest of Okawaru.
             Mangled by a minotaur
             ... wielding a +0 club
              (16 damage)
             ... in a Gauntlet on Feb 20, 2024.
             The game lasted 00:42:13 (10802 turns).

senseless the Fighter (Coglin Hunter)              Turns: 10802, Time: 00:42:14

HP:   -8/84 (90)    AC: 16    Str: 12    XL:     11   Next: 96%
MP:   11/11         EV: 23    Int:  9    God:    Okawaru [*****.]
Gold: 400           SH:  0    Dex: 21    Spells: 10/10 levels left

rFire   . . .        m - +3 orcbow (chaos) {Kyogo}
rCold   . . .        (shield currently unavailable)
rNeg    . . .        w - +3 leather armour {Will+}
rPois   .            (no helmet)
rElec   .            l - +2 cloak
rCorr   .            b - +1 pair of gloves
SInv    .            c - +0 pair of boots
Will    +....        k - amulet of regeneration
Stlth   ++++         y - +5 ring of evasion
HPRegen 1.14/turn    L - +4 ring of protection
MPRegen 0.12/turn

%: no teleportation
@: drained, revved, stiff-legged, very slow
A: off-hand wielding, slow wielding, warmup strikes, warmup strides
a: Renounce Religion, Heroism, Finesse, Duel


You were in a Gauntlet.
You worshipped Okawaru.
Okawaru was extremely pleased with you.
You visited 2 branches of the dungeon, and saw 12 of its levels.
You also visited: Sewer and Gauntlet.

You collected 717 gold pieces.
You spent 317 gold pieces at shops.

Inventory:

Hand Weapons
 m - a +3 orcbow of chaos (weapon) {Kyogo}
 I - a +0 sling {Paloma}
 K - a +0 sling {Jasleen}
Missiles
 u - a silver javelin
Armour
 b - a +1 pair of gloves (worn)
 c - a +0 pair of boots (worn)
 d - a +2 robe of positive energy
 l - a +2 cloak (worn)
 v - +0 acid dragon scales
 w - a +3 leather armour of willpower (worn)
 C - a +1 kite shield of reflection
 F - a +2 leather armour of poison resistance
Jewellery
 k - an amulet of regeneration (around neck)
 n - a ring of resist corrosion
 s - an amulet of magic regeneration
 t - a ring of positive energy
 y - a +5 ring of evasion (left grasper)
 G - a +6 ring of dexterity
 L - a +4 ring of protection (right grasper)
Talismans
 p - a talisman of death
Wands
 g - a wand of polymorph (5)
 i - a wand of light (3)
 E - a wand of flame (8)
Scrolls
 a - a scroll of identify
 j - 2 scrolls of fear
 o - a scroll of poison
 q - 2 scrolls of immolation
 x - 3 scrolls of teleportation
 J - a scroll of revelation
Potions
 e - 3 potions of haste
 h - 4 potions of curing
 r - a potion of invisibility
 z - 2 potions of cancellation
 A - 3 potions of might
 B - a potion of magic
 D - a potion of brilliance


   Skills:
 + Level 9.7 Fighting
 + Level 9.5 Ranged Weapons
 + Level 8.9 Dodging
 + Level 8.7 Stealth


You had 10 spell levels left.
You didn't know any spells.
Your spell library contained the following spells:

 Spells                   Type           Power      Damage    Failure   Level
 Apportation              Tloc           0%         N/A       45%         1
 Freeze                   Ice            0%         1d3       45%         1
 Slow                     Hex            0%         N/A       45%         1
 Cigotuvi's Dreadful Rot  Necr/Alch/Air  0%         N/A       61%         2
 Jinxbite                 Hex            0%         N/A       61%         2
 Confusing Touch          Hex            0%         N/A       83%         3
 Frozen Ramparts          Ice            0%         1d1       83%         3
 Hailstorm                Conj/Ice       0%         3d5       83%         3
 Sigil of Binding         Hex            0%         N/A       83%         3
 Vampiric Draining        Necr           0%         2d6       83%         3
 Cause Fear               Hex            0%         N/A       99%         4
 Dimensional Bullseye     Hex/Tloc       0%         N/A       99%         4
 Ignite Poison            Fire/Alch      0%         N/A       99%         4
 Iskenderun's Mystic Bla  Conj/Tloc      0%         2d3       99%         4
 Vhi's Electric Charge    Tloc/Air       0%         N/A       99%         4
 Alistair's Intoxication  Alch           0%         N/A       100%        5
 Arcjolt                  Conj/Air       0%         1d10      100%        5
 Fireball                 Conj/Fire      0%         3d3       100%        5
 Freezing Cloud           Conj/Ice/Air   0%         6-21      100%        5
 Plasma Beam              Fire/Air       0%         2x1d10    100%        6
 Tukima's Dance           Hex            Unusable   N/A       N/A         3
 Dragon's Call            Summ           Unusable   N/A       N/A         9

Dungeon Overview and Level Annotations

Branches:
Dungeon (11/15)            Temple (1/1) D:5            Lair (0/5) D:10
  Sewer (visited)         Gauntlet (1/1)
    Orc: D:9-12

Altars:
Ashenzari
Cheibriados
Dithmenos
Elyvilon
Fedhas
Gozag
Hepliaklqana
Kikubaaqudgha
Makhleb
Nemelex Xobeh
Okawaru
Qazlal
Ru
Sif Muna
Trog
Uskayaw
Vehumet
Wu Jian
Xom
Yredelemnul
Zin
The Shining One
Beogh
Ignis
Lugonu

Shops:
D:5 [!:(   D:6 *   D:8 *   D:9 !

Portals:
Abyss: D:7

Annotations:
Gauntlet 16 runed translucent doors, 6 transporters


Innate Abilities, Weirdness & Mutations

You can wield a second weapon in your off-hand.
It takes a long time for you to wield or remove held weapons.
Your first few attacks do less damage.
Your first movements take longer.


Message History

The minotaur bellows!
The arrow hits the minotaur but does no damage.
You shoot an arrow.
The arrow hits the minotaur but does no damage.
The minotaur throws a silver javelin.
The silver javelin completely misses you.
The minotaur throws a silver javelin.
The silver javelin pierces through you.
You shoot an arrow. The arrow hits the minotaur!
The arrow freezes the minotaur.
The minotaur is lightly wounded.
You shoot an arrow. The arrow hits the minotaur.
You feel better.
The minotaur is lightly wounded.
The minotaur hits you but does no damage.
The minotaur gores you but does no damage.
You shoot an arrow.
The arrow hits the minotaur but does no damage.
The minotaur flies into a frenzy!
The minotaur is lightly wounded.
The minotaur barely misses you. The minotaur completely misses you.
You shoot an arrow. The arrow hits the minotaur.
The minotaur is poisoned.
The minotaur is moderately wounded.
The minotaur hits you with a +0 club!!!
Ouch! That really hurt!
The minotaur gores you! The minotaur hits you with a +0 club!!
* * * LOW HITPOINT WARNING * * *
The minotaur gores you but does no damage.
Press: ? - help, v - describe, . - travel
Here: a minotaur, wielding a +0 club, wearing a +3 chain mail of fire resistance and quivering silver javelins (moderately wounded, fast, strong, frenzied and wild, very poisoned)
An open door.
You feel much better. The minotaur hits you with a +0 club.
The minotaur completely misses you. The minotaur hits you with a +0 club!!
* * * LOW HITPOINT WARNING * * *
The minotaur misses you.
You feel much better. The minotaur closely misses you. The minotaur gores you!
* * * LOW HITPOINT WARNING * * *
You shoot an arrow. The arrow barely misses the minotaur.
The minotaur hits you with a +0 club!
* * * LOW HITPOINT WARNING * * *
The minotaur gores you!
You die...

##..#..#
##############≈..#.##
####.##....##..###..#..#
#....##.##.....##≈..#©.#
##.##....##.##..###..#..#
#..##.##....##..##≈..#.##
##....##.##.....###..#..#
##.##....##.##....#..#...
#.######@...##...©#..####
###∩...H.##.......#......
######.##.##....#.∩....
#... #...©#..#### #.#
......#..#*.. ..#
.##..###..#3## #...
#..##≈..#3.. #.# ...
##..#©.. #≈..#)..


You could see a neutral minotaur (fast, strong, frenzied, very poisoned).

Vanquished Creatures
  3 two-headed ogres (D:10)
  Pikel (D:7)
  An oklob plant (Gauntlet)
  Maurice (D:11)
  A cyclops (D:11)
  A cane toad (D:10)
  An unseen horror (D:10)
  A komodo dragon (D:10)
  A wandering mushroom (Gauntlet)
  Grinder (Sewer)
  A troll (D:10)
  2 blink frogs (D:10)
  Sigmund (D:3)
  4 yaks (D:10)
  2 wyverns
  A basilisk (D:10)
  2 steam dragons
  4 vampire mosquitoes
  Menkaure (D:4)
  6 acid dragons
  9 orc warriors
  2 sky beasts
  2 black bears
  2 laughing skulls (Gauntlet)
  An ogre (D:4)
  A centaur (D:9)
  A weeping skull (Gauntlet)
  4 kobold brigands
  3 phantoms
  6 bullfrogs
  2 gnoll sergeants
  A scorpion (D:6)
  5 wights (D:8)
  11 killer bees
  6 electric eels (D:9)
  4 howler monkeys
  A black bear zombie (D:4)
  2 hounds
  2 bombardier beetles
  4 orc priests
  A sleepcap (D:8)
  9 iguanas
  11 orc wizards
  10 gnolls
  7 adders
  3 shadow imps
  4 ufetubi (Sewer)
  A dart slug (D:1)
  2 ribbon worms
  50 orcs
  A bat zombie (Sewer)
  7 endoplasms
  2 giant cockroaches (D:1)
  4 goblins
  5 hobgoblins
  2 jackals (D:5)
  28 kobolds
  5 quokkas
  10 ball pythons
  8 bats
  8 frilled lizards
  4 kobold zombies (Sewer)
  2 rats
  2 lurking horrors (D:7)
291 creatures vanquished.

Vanquished Creatures (collateral kills)
  A black bear (D:4)
  An adder (D:4)
  An orc (D:10)
3 creatures vanquished.

Vanquished Creatures (others)
  Psyche (D:8)
  A human (D:4)
  A gnoll sergeant (D:6)
  An adder (D:4)
  A kobold zombie (Sewer)
5 creatures vanquished.

Grand Total: 299 creatures vanquished

Notes
Turn   | Place    | Note
-------+----------+-------------------------------------------
     0 | D:1      | senseless the Coglin Hunter began the quest for the Orb.
     0 | D:1      | Reached XP level 1. HP: 16/16 MP: 1/1
   114 | D:1      | Reached skill level 1 in Stealth
   122 | D:1      | Reached XP level 2. HP: 21/22 MP: 2/2
   321 | D:1      | Reached XP level 3. HP: 23/28 MP: 3/3
  1143 | D:2      | Found an ancient bone altar of Kikubaaqudgha.
  1176 | D:2      | Reached XP level 4. HP: 26/34 MP: 4/4
  1725 | D:3      | Noticed Sigmund
  1741 | D:3      | Killed Sigmund
  1742 | D:3      | Reached XP level 5. HP: 26/41 MP: 5/5
  1742 | D:3      | Reached XP level 6. HP: 30/47 MP: 6/6
  1916 | D:3      | Found a faded altar of an unknown god.
  1992 | D:3      | Identified the +9 mace "Vadyosi" {flame, rN++ Will- Int+4
                  | SInv}
  1996 | D:3      | Identified the +4 short sword of Callousness {spect, Str+4
                  | Dex+2}
  2278 | D:4      | Reached XP level 7. HP: 53/53 MP: 7/7
  2319 | D:4      | Reached skill level 5 in Ranged Weapons
  2375 | D:4      | Noticed Menkaure
  2383 | D:4      | Killed Menkaure
  2422 | D:4      | Found an ancient bone altar of Kikubaaqudgha.
  2425 | D:4      | Noticed a human
  2427 | D:4      | Killed a human
  2574 | D:4      | Reached XP level 8. HP: 61/61 MP: 8/8
  2727 | D:5      | Entered Level 5 of the Dungeon
  2757 | D:5      | Found a bloodstained altar of Trog.
  2805 | D:5      | Reached skill level 5 in Fighting
  2949 | D:5      | Found a staircase to the Ecumenical Temple.
  3027 | D:5      | Found a stormy altar of Qazlal.
  3046 | D:5      | Found a glowing drain.
  3053 | Sewer    | Entered a sewer
  3142 | Sewer    | Found an ancient bone altar of Kikubaaqudgha.
  3198 | Sewer    | Noticed Grinder
  3201 | Sewer    | Paralysed by Grinder for 4 turns
  3211 | Sewer    | Killed Grinder
  3212 | Sewer    | Reached skill level 5 in Dodging
  3455 | D:5      | Found Rycwoism's Book Emporium.
  3456 | D:5      | Found Cuguseh's Antique Armour Emporium.
  3458 | D:5      | Found Lastasiank's Distillery.
  3459 | D:5      | Found Toraxt's Weapon Emporium.
  4014 | D:5      | Bought a glowing leather armour for 125 gold pieces
  4180 | D:6      | Found an iron altar of Okawaru.
  4196 | D:6      | Reached skill level 5 in Stealth
  4196 | D:6      | Reached XP level 9. HP: 60/69 MP: 9/9
  4280 | Temple   | Entered the Ecumenical Temple
  4381 | D:6      | Became a worshipper of Warmaster Okawaru
  4400 | D:6      | Found a sparkling altar of Nemelex Xobeh.
  4657 | D:6      | Found Bocur's General Store.
  4669 | D:6      | Bought a scroll of enchant armour for 90 gold pieces
  4669 | D:6      | Bought a potion of degeneration for 12 gold pieces
  4669 | D:6      | Bought a scroll of revelation for 90 gold pieces
  4739 | D:6      | Found a glowing golden altar of the Shining One.
  4928 | D:7      | Reached * piety under Okawaru
  5164 | D:7      | Noticed Pikel
  5170 | D:7      | Killed Pikel
  5458 | D:7      | Found an ornate altar of the Wu Jian Council.
  5609 | D:7      | Found a corrupted altar of Lugonu.
  5609 | D:7      | Found a one-way gate to the infinite horrors of the Abyss.
  6014 | D:8      | Noticed Psyche
  6267 | D:8      | Reached XP level 10. HP: 74/79 MP: 10/10
  6270 | D:8      | Reached ** piety under Okawaru
  6291 | D:8      | Found an opulent altar of Gozag.
  6318 | D:8      | Killed Psyche
  6523 | D:8      | Found a burning altar of Makhleb.
  6588 | D:8      | Found Ahem's Fire Supplies.
  6973 | D:8      | Found a glowing silver altar of Zin.
  7592 | D:9      | Found Vuomury's Distillery.
  8575 | D:9      | Reached *** piety under Okawaru
  8752 | D:10     | Entered Level 10 of the Dungeon
  9233 | D:10     | Reached XP level 11. HP: 87/87 MP: 11/11
  9237 | D:10     | Noticed a two-headed ogre
  9247 | D:10     | Reached **** piety under Okawaru
  9285 | D:10     | Noticed a two-headed ogre
  9294 | D:10     | Killed a two-headed ogre
  9296 | D:10     | Killed a two-headed ogre
  9508 | D:10     | Found a staircase to the Lair.
  9684 | D:10     | Reached ***** piety under Okawaru
  9912 | D:10     | Killed a two-headed ogre
 10010 | D:10     | Found a roughly hewn altar of Beogh.
 10246 | D:11     | Noticed Maurice
 10261 | D:11     | Killed Maurice
 10343 | D:11     | Noticed a cyclops
 10352 | D:11     | Killed a cyclops
 10371 | D:11     | Found a gate leading to a gauntlet.
 10379 | Gauntlet | Entered a Gauntlet
 10379 | Gauntlet | Noticed an oklob plant
 10379 | Gauntlet | Found a large runed translucent door.
 10379 | Gauntlet | Found a large runed translucent door.
 10379 | Gauntlet | Found a large runed translucent door.
 10379 | Gauntlet | Found a large runed translucent door.
 10379 | Gauntlet | Found a runed translucent gate.
 10379 | Gauntlet | Found a large runed translucent door.
 10379 | Gauntlet | Found a transporter.
 10379 | Gauntlet | Found a large runed translucent door.
 10379 | Gauntlet | Found a large runed translucent door.
 10379 | Gauntlet | Found a large runed translucent door.
 10379 | Gauntlet | Found a runed translucent door.
 10379 | Gauntlet | Found a runed translucent gate.
 10379 | Gauntlet | Found a runed translucent gate.
 10379 | Gauntlet | Found a transporter.
 10379 | Gauntlet | Found a transporter.
 10381 | Gauntlet | Found a runed translucent gate.
 10382 | Gauntlet | Found a runed translucent gate.
 10390 | Gauntlet | Found a transporter.
 10393 | Gauntlet | Found a transporter.
 10402 | Gauntlet | Noticed a sixfirhy
 10404 | Gauntlet | Found a transporter.
 10404 | Gauntlet | Found a transporter.
 10412 | Gauntlet | Found a transporter.
 10412 | Gauntlet | Noticed a wretched star
 10430 | Gauntlet | Found a transporter.
 10448 | Gauntlet | Found a transporter.
 10451 | Gauntlet | Found a transporter.
 10452 | Gauntlet | Noticed an oklob plant
 10461 | Gauntlet | Found a transporter.
 10466 | Gauntlet | Found a runed translucent gate.
 10467 | Gauntlet | Found a large runed translucent door.
 10467 | Gauntlet | Found a large runed translucent door.
 10468 | Gauntlet | Found a large runed translucent door.
 10469 | Gauntlet | Found a large runed translucent door.
 10470 | Gauntlet | Found a large runed translucent door.
 10470 | Gauntlet | Found a large runed translucent door.
 10470 | Gauntlet | Found a runed translucent door.
 10471 | Gauntlet | Found a large runed translucent door.
 10472 | Gauntlet | Found a large runed translucent door.
 10570 | Gauntlet | Received a gift from Okawaru
 10595 | Gauntlet | an oklob plant changed into a wandering mushroom
 10695 | Gauntlet | Killed an oklob plant
 10793 | Gauntlet | Noticed a minotaur
 10802 | Gauntlet | Mangled by a minotaur

Illustrated notes

Levels and vault maps discovered:
D:1:      psy_arrival_radial01, layout_basic
D:2:      layout_basic, basic_altar, grunt_ministairs_13, minmay_lizard_pond
D:3:      layout_basic, shapermc_ecumenical_altar_starsandcircs, uniq_sigmund
D:4:      layout_rooms, tgw_kikubaaqudgha, uniq_menkaure
D:5:      layout_cave_pods, mainiacjoe_overflow_brackets,
          grunt_qazlal_sundering, temple_green, cheibrodos_sewer_entry_sluice,
          minmay_misc_feat_iff, minmay_shop_grid_forest,
          nicolae_kite_square_tiling_tiny, corexii_corridor_pit
D:6:      layout_cave_pools, lemuel_coloured_pillars_altar,
          overflow_temple_1_default, okawaru_ov_weapons_minmay, serial_shops,
          nicolae_shop_tiny_waterfront
D:7:      layout_cave_pools, old_standard_altar,
          amcnicky_altar_lugonu_corruption, uniq_pikel
D:8:      layout_cave_pools, grunt_gozag_breadcrumbs,
          mainiacjoe_overflow_24_doors, lemuel_tele_altar,
          nicolae_shop_fire_sale [nicolae_sub_dead_trees], uniq_psyche
D:9:      layout_rooms, serial_shops, nicolae_shop_tiny_statue_garden,
          kennysheep_boxes
D:10:     layout_gridville, dpeg_lair_monsters, special_room [special_room_orc]
D:11:     layout_rooms, gauntlet_entry_generic, uniq_maurice, uniq_lodul
Temple:   pdpol_scorched_temple
Gauntlet: minmay_gauntlet_mixed_big_or_small
          [minmay_gauntlet_arena_make_your_own_arena,
          minmay_gauntlet_arena_77_run_for_it, nicolae_gauntlet_arena_quarters,
          minmay_gauntlet_arena_77_box, gammafunk_gauntlet_arena_chambers,
          minmay_gauntlet_arena_77_mirror, gauntlet_exit_green]

Skill      XL: |  1  2  3  4  5  6  7  8  9 10 11 |
---------------+----------------------------------+-----
Stealth        | 1 2 3 5 6 7 8 |  8.7
Dodging        | 2 3 4 5 6 7 8 |  8.9
Ranged Weapons | 4 5 6 7 8 9 |  9.5
Fighting       | 3 4 5 7 8 9 |  9.7

Action                     |  1- 3 |  4- 6 |  7- 9 | 10-12 || total
---------------------------+-------+-------+-------+-------++-------
   Fire: Shortbow          |    88 |       |       |       ||    88
         Orcbow            |    11 |    80 |   309 |   499 ||   899
         Sling             |       |       |    38 |       ||    38
    Use: Scroll            |       |     6 |    13 |     7 ||    26
         Potion            |       |       |       |     6 ||     6
 Armour: Leather armour    |    18 |    13 |    70 |   291 ||   392
         Robe              |       |     8 |    31 |       ||    39
         Skin              |       |       |     8 |       ||     8
         Acid dragon scale |       |       |       |     8 ||     8
  Dodge: Dodged            |    29 |    29 |   143 |   479 ||   680

Table legend: (Time is in decaauts)
 A = Elapsed time spent in this place.
 B = Non-inter-level travel time spent in this place.
 C = Inter-level travel time spent in this place.
 D = Time resting spent in this place.
 E = Time spent auto-exploring this place.
 F = Levels seen in this place.
 G = Mean time per level.
                   A        B        C        D        E       F      G
               +--------+--------+--------+--------+--------+-----+--------+
         Total |  11394 |  10809 |    585 |   1233 |   7284 |  14 |  813.9 |
       Dungeon |  10564 |   9979 |    585 |   1192 |   6909 |  11 |  960.4 |
        Temple |      1 |      1 |      0 |      0 |      0 |   1 |    1.0 |
         Sewer |    381 |    381 |      0 |      0 |    220 |   1 |  381.0 |
      Gauntlet |    446 |    446 |      0 |     41 |    155 |   1 |  446.0 |
               +--------+--------+--------+--------+--------+-----+--------+

Top non-repeatable levels by time:
     D:9: 1664 daAuts
    D:10: 1428 daAuts
     D:7: 1335 daAuts
     D:5: 1179 daAuts
     D:8: 1076 daAuts
     D:1: 951 daAuts
     D:2: 804 daAuts
     D:6: 753 daAuts
     D:3: 737 daAuts
     D:4: 518 daAuts
Gauntlet: 446 daAuts
   Sewer: 381 daAuts
    D:11: 115 daAuts
  Temple: 1 daAuts
